TOP OF THE 1ST |
Houston Colt .45's batting - Pitching for Miami Beach Marlins : RHP Carlos Guerrero
|
Pitching: RHP Carlos Guerrero
|
|
Batting: RHB Daniel Pena
|
0-0: Ball 1-0: Ball 2-0: Ball 3-0: Base on Balls
|
Batting: RHB Alex Campos
|
0-0: Ball 1-0: Called Strike 1-1: Fly out, F9 (Flyball, 9S, EV 85.0 MPH)
|
Batting: LHB Bruce Arvizu
|
0-0: Called Strike 0-1: Called Strike 0-2: Hit by Pitch Daniel Pena to second
|
Batting: RHB Jason Monico
|
0-0: Foul Ball, location: 2F 0-1: Ball 1-1: Fielders Choice at 2nd, 1-4 (Groundball, 25, EV 70.6 MPH) Daniel Pena to third
|
Batting: LHB Bob Govella
|
0-0: Ball 1-0: Foul Ball, location: 2F 1-1: Ball 2-1: Foul Ball, location: 2F 2-2: Reached on error, E6 (Groundball, 56, EV 106.9 MPH) Daniel Pena scores Jason Monico to second
|
Batting: RHB John Moore
|
0-0: Ball 1-0: Fly out, F3 (Line Drive, 3, EV 75.6 MPH)
|
Top of the 1st over - 1 run, 0 hits, 1 error, 2 left on base; Houston 1 - Miami Beach 0 |
BOTTOM OF THE 1ST |
Miami Beach Marlins batting - Pitching for Houston Colt .45's : LHP Joey Callanta
|
Pitching: LHP Joey Callanta
|
|
Batting: LHB Dong-u Chang
|
0-0: Swinging Strike 0-1: Called Strike 0-2: Strikes out swinging
|
Batting: RHB Alberto Bravo
|
0-0: Called Strike 0-1: Ball 1-1: Swinging Strike 1-2: Ball 2-2: Foul Ball, location: 2F 2-2: Strikes out swinging
|
Batting: RHB David Martin
|
0-0: Ball 1-0: Fly out, F9 (Flyball, 89S, EV 91.9 MPH)
|
Bottom of the 1st over - 0 runs, 0 hits, 0 errors, 0 left on base; Houston 1 - Miami Beach 0 |
TOP OF THE 2ND |
Houston Colt .45's batting - Pitching for Miami Beach Marlins : RHP Carlos Guerrero
|
Batting: RHB Jorge Gutierrez
|
0-0: Ball 1-0: Ball 2-0: Ball 3-0: Called Strike 3-1: DOUBLE (Flyball, 8RXD, EV 105.6 MPH)
|
Batting: RHB Patrick Pinault
|
0-0: Foul Ball, location: 2F 0-1: Ball 1-1: Swinging Strike 1-2: Ball 2-2: Ground out 5-3 (Groundball, 5, EV 76.9 MPH)
|
Batting: RHB Roger Pelley
|
0-0: Called Strike 0-1: Ball 1-1: Foul Ball, location: 2F 1-2: Strikes out looking
|
Pitching: LHP Doug Whitling
|
|
Batting: RHB Daniel Pena
|
0-0: Ball 1-0: Swinging Strike 1-1: Ball 2-1: Ball 3-1: Foul Ball, location: 2F 3-2: Foul Ball, location: 2F 3-2: TRIPLE (Flyball, 9D, EV 99.4 MPH) Jorge Gutierrez scores
|
Batting: RHB Alex Campos
|
0-0: Swinging Strike 0-1: Foul Ball, location: 2F 0-2: Strikes out looking
|
Top of the 2nd over - 1 run, 2 hits, 0 errors, 1 left on base; Houston 2 - Miami Beach 0 |
BOTTOM OF THE 2ND |
Miami Beach Marlins batting - Pitching for Houston Colt .45's : LHP Joey Callanta
|
Batting: RHB Scott Talbot
|
0-0: Ball 1-0: Ball 2-0: Fly out, F9 (Line Drive, 89M, EV 85.6 MPH)
|
Batting: RHB Reomel Somera
|
0-0: Foul Ball, location: 2F 0-1: Swinging Strike 0-2: Ball 1-2: Strikes out swinging
|
Batting: RHB Clark Meagher
|
0-0: Ball 1-0: Foul Ball, location: 2F 1-1: Ball 2-1: Called Strike 2-2: Strikes out swinging
|
Bottom of the 2nd over - 0 runs, 0 hits, 0 errors, 0 left on base; Houston 2 - Miami Beach 0 |
TOP OF THE 3RD |
Houston Colt .45's batting - Pitching for Miami Beach Marlins : LHP Doug Whitling
|
Batting: LHB Bruce Arvizu
|
0-0: Foul Ball, location: 2F 0-1: Ball 1-1: Ball 2-1: Fly out, F7 (Flyball, 78M, EV 90.0 MPH)
|
Batting: RHB Jason Monico
|
0-0: Ball 1-0: Fly out, F7 (Flyball, 7LMF, EV 103.8 MPH)
|
Batting: LHB Bob Govella
|
0-0: Called Strike 0-1: Ball 1-1: Called Strike 1-2: Strikes out swinging
|
Top of the 3rd over - 0 runs, 0 hits, 0 errors, 0 left on base; Houston 2 - Miami Beach 0 |
BOTTOM OF THE 3RD |
Miami Beach Marlins batting - Pitching for Houston Colt .45's : LHP Joey Callanta
|
Batting: RHB Terrell Smith
|
0-0: Foul Ball, location: 2F 0-1: Ground out 5-3 (Groundball, 56S, EV 81.2 MPH)
|
Batting: RHB Melvin Nava
|
0-0: SINGLE (Line Drive, 4MD, EV 98.8 MPH)
|
Batting: RHB Rafael Irizarry
|
0-0: Called Strike 0-1: Ball 1-1: Foul Ball, location: 2F 1-2: Ball 2-2: Ball 3-2: Foul Ball, location: 2F 3-2: Base on Balls Melvin Nava to second
|
Batting: LHB Dong-u Chang
|
0-0: Called Strike 0-1: Ball 1-1: TRIPLE (Flyball, 8RXD, EV 93.1 MPH) Melvin Nava scores Rafael Irizarry scores
|
Batting: RHB Alberto Bravo
|
0-0: Foul Ball, location: 2F 0-1: Ball 1-1: Ball 2-1: Ball 3-1: Called Strike 3-2: Foul Ball, location: 2F 3-2: Strikes out swinging
|
Batting: RHB David Martin
|
0-0: Called Strike 0-1: Foul Ball, location: 2F 0-2: Strikes out looking
|
Bottom of the 3rd over - 2 runs, 2 hits, 0 errors, 1 left on base; Houston 2 - Miami Beach 2 |
TOP OF THE 4TH |
Houston Colt .45's batting - Pitching for Miami Beach Marlins : LHP Doug Whitling
|
Pitching: LHP Hideo Komatsu
|
|
Batting: RHB John Moore
|
0-0: Ball 1-0: SINGLE (Line Drive, 34D, EV 93.8 MPH)
|
Batting: RHB Jorge Gutierrez
|
0-0: Called Strike 0-1: Swinging Strike 0-2: Strikes out swinging
|
Batting: RHB Patrick Pinault
|
0-0: Called Strike 0-1: Ball 1-1: Foul Ball, location: 2F 1-2: Ball 2-2: Foul Ball, location: 2F 2-2: Strikes out swinging John Moore is caught stealing 2nd base 2-4 Batter strikes out.
|
Top of the 4th over - 0 runs, 1 hit, 0 errors, 0 left on base; Houston 2 - Miami Beach 2 |
BOTTOM OF THE 4TH |
Miami Beach Marlins batting - Pitching for Houston Colt .45's : LHP Joey Callanta
|
Batting: RHB Scott Talbot
|
0-0: Called Strike 0-1: Ball 1-1: Ball 2-1: SOLO HOME RUN (Line Drive, 78XD, EV 106.9 MPH), Distance : 442 ft
|
Batting: RHB Reomel Somera
|
0-0: Ball 1-0: Ball 2-0: Ball 3-0: Base on Balls
|
Batting: RHB Clark Meagher
|
0-0: Ball 1-0: SINGLE (Line Drive, 78S, EV 106.2 MPH) Reomel Somera to second Runner from 2nd tries for 3rd, SAFE, no throw by LF
|
Batting: RHB Terrell Smith
|
0-0: Foul Ball, location: 2F 0-1: Ball 1-1: Ball 2-1: Called Strike 2-2: Ball Balk! Reomel Somera scores Clark Meagher to second 3-2: Strikes out swinging
|
Batting: RHB Melvin Nava
|
0-0: Called Strike 0-1: Ball 1-1: Foul Ball, location: 2F 1-2: Ball 2-2: Ground out 5-3 (Groundball, 56, EV 81.9 MPH)
|
Batting: RHB Rafael Irizarry
|
0-0: Foul Ball, location: 2F 0-1: Swinging Strike 0-2: Ground out 6-3 (Groundball, 6, EV 94.4 MPH)
|
Bottom of the 4th over - 2 runs, 2 hits, 0 errors, 1 left on base; Houston 2 - Miami Beach 4 |
TOP OF THE 5TH |
Houston Colt .45's batting - Pitching for Miami Beach Marlins : LHP Hideo Komatsu
|
Batting: RHB Roger Pelley
|
0-0: Ball 1-0: Ball 2-0: Swinging Strike 2-1: Swinging Strike 2-2: Strikes out swinging
|
Batting: RHB Daniel Pena
|
0-0: Ball 1-0: Ball 2-0: Swinging Strike 2-1: Ball 3-1: Swinging Strike 3-2: TRIPLE (Line Drive, 9LD, EV 106.9 MPH)
|
Pitching: RHP Eric Simons
|
|
Batting: RHB Alex Campos
|
0-0: Ball 1-0: Called Strike 1-1: Swinging Strike 1-2: Ball 2-2: Ball 3-2: Fly out, F4 (Popup, 4, EV 81.9 MPH)
|
Batting: LHB Bruce Arvizu
|
0-0: Swinging Strike 0-1: Ball 1-1: Ball 2-1: Ball 3-1: Base on Balls
|
Batting: RHB Jason Monico
|
0-0: 3-RUN HOME RUN (Flyball, 7LD, EV 95.0 MPH), Distance : 356 ft
|
Batting: LHB Bob Govella
|
0-0: Called Strike 0-1: Foul Ball, location: 2F 0-2: Strikes out swinging
|
Top of the 5th over - 3 runs, 2 hits, 0 errors, 0 left on base; Houston 5 - Miami Beach 4 |
BOTTOM OF THE 5TH |
Miami Beach Marlins batting - Pitching for Houston Colt .45's : LHP Joey Callanta
|
Batting: LHB Dong-u Chang
|
0-0: Ground out U3 (Groundball, 3S, EV 85.6 MPH)
|
Batting: RHB Alberto Bravo
|
0-0: Called Strike 0-1: Called Strike 0-2: Strikes out looking
|
Batting: RHB David Martin
|
0-0: Fly out, F8 (Flyball, 8RM, EV 95.6 MPH)
|
Bottom of the 5th over - 0 runs, 0 hits, 0 errors, 0 left on base; Houston 5 - Miami Beach 4 |
TOP OF THE 6TH |
Houston Colt .45's batting - Pitching for Miami Beach Marlins : RHP Eric Simons
|
Batting: RHB John Moore
|
0-0: Foul Ball, location: 2F 0-1: Ball 1-1: Swinging Strike 1-2: Ball 2-2: Fly out, F9 (Flyball, 9LD, EV 83.8 MPH)
|
Pitching: RHP Leon Valle
|
|
Batting: RHB Jorge Gutierrez
|
0-0: Foul Ball, location: 2F 0-1: SINGLE (Groundball, 56S, EV 71.2 MPH) (infield hit)
|
Batting: RHB Patrick Pinault
|
0-0: Foul Ball, location: 2F 0-1: Ball 1-1: Foul Ball, location: 2F 1-2: Ball 2-2: Strikes out looking and he ARGUES THE CALL AND IS TOSSED!
|
Batting: RHB Roger Pelley
|
0-0: Ball 1-0: Ball 2-0: Fly out, F8 (Flyball, 8RM, EV 81.9 MPH)
|
Top of the 6th over - 0 runs, 1 hit, 0 errors, 1 left on base; Houston 5 - Miami Beach 4 |
BOTTOM OF THE 6TH |
Miami Beach Marlins batting - Pitching for Houston Colt .45's : LHP Joey Callanta
|
Now at 1B: Terciero Ortiz
|
|
Now at 2B: Jason Monico
|
|
Batting: RHB Scott Talbot
|
0-0: Ball 1-0: Ball 2-0: Ball 3-0: Called Strike 3-1: Ground out U3 (Groundball, 3L, EV 96.2 MPH)
|
Batting: RHB Reomel Somera
|
0-0: Ball 1-0: Ball 2-0: Ball 3-0: Called Strike 3-1: Base on Balls
|
Batting: RHB Clark Meagher
|
0-0: Called Strike 0-1: Ball 1-1: Foul Ball, location: 2F 1-2: Ball 2-2: Fly out, F3 (Popup, 23F, EV 91.9 MPH)
|
Batting: RHB Terrell Smith
|
0-0: Ball 1-0: Ball 2-0: Called Strike 2-1: Fielders Choice at 2nd, 6-4 (Groundball, 6, EV 105.6 MPH)
|
Bottom of the 6th over - 0 runs, 0 hits, 0 errors, 1 left on base; Houston 5 - Miami Beach 4 |
TOP OF THE 7TH |
Houston Colt .45's batting - Pitching for Miami Beach Marlins : RHP Leon Valle
|
Batting: RHB Daniel Pena
|
0-0: Ball 1-0: Swinging Strike 1-1: Foul Ball, location: 2F 1-2: Ball 2-2: Ball 3-2: Base on Balls
|
Batting: RHB Alex Campos
|
0-0: Ball 1-0: Called Strike Daniel Pena is caught stealing 2nd base 2-4 1-1: Ball 2-1: Foul Ball, location: 2F 2-2: Fly out, F3 (Flyball, 3D, EV 91.2 MPH)
|
Pitching: LHP David Zuniga
|
|
Batting: LHB Bruce Arvizu
|
0-0: Foul Ball, location: 2F 0-1: Ball 1-1: Called Strike 1-2: Fly out, F4 (Popup, 34D, EV 66.2 MPH)
|
Top of the 7th over - 0 runs, 0 hits, 0 errors, 0 left on base; Houston 5 - Miami Beach 4 |
BOTTOM OF THE 7TH |
Miami Beach Marlins batting - Pitching for Houston Colt .45's : LHP Joey Callanta
|
Batting: RHB Melvin Nava
|
0-0: Called Strike 0-1: Foul Ball, location: 2F 0-2: Strikes out swinging
|
Batting: SHB Emmet Brickowski
|
0-0: Swinging Strike 0-1: Fly out, F8 (Line Drive, 8LM, EV 107.5 MPH)
|
Batting: LHB Dong-u Chang
|
0-0: Foul Ball, location: 2F 0-1: Fly out, F7 (Flyball, 7, EV 93.8 MPH)
|
Bottom of the 7th over - 0 runs, 0 hits, 0 errors, 0 left on base; Houston 5 - Miami Beach 4 |
TOP OF THE 8TH |
Houston Colt .45's batting - Pitching for Miami Beach Marlins : LHP David Zuniga
|
Batting: RHB Jason Monico
|
0-0: Called Strike 0-1: Foul Ball, location: 2F 0-2: Ball 1-2: Ball 2-2: Ball 3-2: Foul Ball, location: 2F 3-2: SOLO HOME RUN (Flyball, 7LD, EV 92.5 MPH), Distance : 347 ft
|
Batting: LHB Bob Govella
|
0-0: Ball 1-0: SINGLE (Flyball, 89S, EV 93.8 MPH)
|
Batting: RHB John Moore
|
0-0: Called Strike 0-1: Called Strike 0-2: Strikes out swinging
|
Batting: RHB Jorge Gutierrez
|
0-0: Ball 1-0: Called Strike 1-1: Ball 2-1: 2-RUN HOME RUN (Line Drive, 7LD, EV 96.9 MPH), Distance : 368 ft
|
Pitching: RHP Cliff Peters
|
|
Batting: SHB Terciero Ortiz
|
0-0: Ball 1-0: Ball 2-0: Ball 3-0: Called Strike 3-1: Fly out, F8 (Flyball, 8LD, EV 98.1 MPH)
|
Batting: LHB Ryan Fridley
|
0-0: Ball 1-0: Ball 2-0: Ball 3-0: Base on Balls
|
Batting: RHB Daniel Pena
|
0-0: Ball 1-0: Ball 2-0: Ball 3-0: Base on Balls Ryan Fridley to second
|
Batting: RHB Alex Campos
|
0-0: Ball 1-0: Called Strike 1-1: SINGLE (Flyball, 3D, EV 86.9 MPH) Ryan Fridley to third Daniel Pena to second
|
Batting: LHB Bruce Arvizu
|
0-0: Foul Ball, location: 2F 0-1: Ball 1-1: SINGLE (Line Drive, 8RS, EV 93.1 MPH) Ryan Fridley scores Daniel Pena to third Alex Campos to second Runner from 3rd tries for Home, SAFE, throw by CF to home
|
Pitching: RHP Jamie Rappoport
|
|
Batting: RHB Jason Monico
|
0-0: SINGLE (Groundball, 56D, EV 106.2 MPH) Alex Campos to third Bruce Arvizu to second Runner from 3rd tries for Home, throw by LF and OUT! 7-2
|
Top of the 8th over - 5 runs, 6 hits, 0 errors, 2 left on base; Houston 10 - Miami Beach 4 |
BOTTOM OF THE 8TH |
Miami Beach Marlins batting - Pitching for Houston Colt .45's : LHP Joey Callanta
|
Batting: RHB Alberto Bravo
|
0-0: Ball 1-0: Ball 2-0: Called Strike 2-1: Ball 3-1: Foul Ball, location: 2F 3-2: SOLO HOME RUN (Line Drive, 78XD, EV 102.5 MPH), Distance : 434 ft
|
Pitching: RHP Tim Evans
|
|
Batting: RHB David Martin
|
0-0: Ball 1-0: Ball 2-0: Foul Ball, location: 2F 2-1: Swinging Strike 2-2: Ball 3-2: Base on Balls
|
Batting: RHB Scott Talbot
|
0-0: Called Strike 0-1: Foul Ball, location: 2F 0-2: Strikes out looking
|
Batting: RHB Reomel Somera
|
0-0: Called Strike 0-1: Swinging Strike 0-2: Ball 1-2: Ball 2-2: Strikes out swinging
|
Batting: RHB Clark Meagher
|
0-0: Foul Ball, location: 2F 0-1: Called Strike 0-2: Ball 1-2: Foul Ball, location: 2F 1-2: Foul Ball, location: 2F 1-2: Ball 2-2: Fly out, F3 (Popup, 3S, EV 67.5 MPH)
|
Bottom of the 8th over - 1 run, 1 hit, 0 errors, 1 left on base; Houston 10 - Miami Beach 5 |
TOP OF THE 9TH |
Houston Colt .45's batting - Pitching for Miami Beach Marlins : RHP Jamie Rappoport
|
Batting: LHB Bob Govella
|
0-0: Ball 1-0: Ball 2-0: Foul Ball, location: 2F 2-1: Swinging Strike 2-2: Fly out, F8 (Line Drive, 78D, EV 93.8 MPH)
|
Batting: RHB John Moore
|
0-0: Called Strike 0-1: Swinging Strike 0-2: Foul Ball, location: 2F 0-2: Ball 1-2: Strikes out looking
|
Batting: RHB Jorge Gutierrez
|
0-0: Ball 1-0: SOLO HOME RUN (Line Drive, 7D, EV 103.8 MPH), Distance : 410 ft
|
Batting: SHB Terciero Ortiz
|
0-0: Ball 1-0: Ball 2-0: Fly out, F8 (Line Drive, 8LM, EV 91.2 MPH)
|
Top of the 9th over - 1 run, 1 hit, 0 errors, 0 left on base; Houston 11 - Miami Beach 5 |
BOTTOM OF THE 9TH |
Miami Beach Marlins batting - Pitching for Houston Colt .45's : RHP Tim Evans
|
Batting: RHB Terrell Smith
|
0-0: Swinging Strike 0-1: Ball 1-1: Called Strike 1-2: Foul Ball, location: 2F 1-2: Strikes out swinging
|
Batting: RHB Melvin Nava
|
0-0: Ground out 3-1 (Groundball, 34S, EV 76.9 MPH)
|
Batting: SHB Emmet Brickowski
|
0-0: Called Strike 0-1: Ball 1-1: Foul Ball, location: 2F 1-2: Strikes out swinging
|
Bottom of the 9th over - 0 runs, 0 hits, 0 errors, 0 left on base; Houston 11 - Miami Beach 5 |
|